 Dungeon Crawl Stone Soup version 0.31-a0-654-gbe3e110b4e (webtiles) character file.

Game seed: 16635765303735845141

58 kae the Changeling (level 3, -4/39 HPs)
             Began as a Demonspawn Shapeshifter on Aug 29, 2023.
             Was an Initiate of Qazlal.
             Frozen to death by an endoplasm (5 damage)
             ... on level 3 of the Dungeon.
             The game lasted 00:01:09 (1400 turns).

kae the Changeling (Demonspawn Shapeshifter)        Turns: 1400, Time: 00:01:10

Health: -4/39      AC: 21    Str: 14    XL:     3   Next: 76%
Magic:  3/3        EV:  2    Int: 11    God:    Qazlal [......]
Gold:   1162       SH:  0    Dex: 14    Spells: 2/2 levels left

rFire   . .          .
                       - Unarmed
rCold   . . .        (no shield)
rNeg    . . .        a - melded +0 animal skin
rPois   +            (helmet currently unavailable)
rElec   .            (cloak currently unavailable)
rCorr   .            (gloves currently unavailable)
SInv    .            (boots currently unavailable)
Will    .....        (no amulet)
Stlth   +            (no ring)
HPRegen 0.26/turn    (no ring)
MPRegen 0.08/turn

%: no passive effects
@: lethally poisoned (-4 -> -5), tree-form
A: stationary, stasis, torment immunity, boosted hp, (molten scales 1),
(weakness stinger 1)
a: Renounce Religion


You were on level 3 of the Dungeon.
You worshipped Qazlal.
Qazlal was noncommittal.
You were a tree.
You visited 1 branch of the dungeon, and saw 3 of its levels.

You collected 1162 gold pieces.


Innate Abilities, Weirdness & Mutations

You are a tree.
Your roots penetrate the ground, keeping you stationary.
You cannot be teleported.
You are immune to unholy pain and torment.
Your maximum health is greatly increased.
Your equipment is partially melded.
((You are partially covered in molten scales. (AC +2)))
((You have a small tail.))


   Skills:
 - Level 1.0 Fighting
 - Level 1.7 Dodging
 + Level 3.2 Unarmed Combat
 + Level 1.2 Invocations
 * Level 3.6 Shapeshifting


You had 2 spell levels left.
You didn't know any spells.
Your spell library contained the following spells:

 Spells                   Type           Power      Damage    Failure   Level
 Blink                    Tloc           0%         N/A       47%         2
 Manifold Assault         Tloc           0%         N/A       98%         4
 Haunt                    Necr/Summ      0%         N/A       100%        7
 Borgnjor's Revivificati  Necr           0%         N/A       100%        8
 Death's Door             Necr           0%         N/A       100%        9

Inventory:

Missiles
 e - 20 stones
 f - 3 boomerangs
 g - 4 poisoned darts
Armour
 a - a +0 animal skin (melded)
Talismans
 c - a beast talisman
 d - a flux talisman
Scrolls
 m - a scroll of immolation {!r!r}
Potions
 h - a potion of curing {unknown}
 j - a potion of mutation {unknown}
 k - a potion of brilliance
 l - a potion of haste {unknown}
 p - a potion of berserk rage {unknown}
 q - a potion of degeneration {!q}

Dungeon Overview and Level Annotations

Branches:
Dungeon (3/15) Zot: 16605

Altars:
Qazlal

## ..#.# # #.#.# #.
#.#.# ..###.#
###.#.######
.......###...#......#
.....$.'.#...#......#
.......#J#...#......#
.......#♣S.#.#......#
.......###.....######
.......+.......#######
.......#####..###....#
....... #..###....#
..#+### #......^..#
#.........#
#.........#
#######.........####


You could see an adder and an endoplasm.


Message History

You kill the kobold!
Qazlal accepts your kill.
No target in view!
f - 3 boomerangs
Things that are here:
a +0 whip; a kobold corpse A hobgoblin comes into view.
The hobgoblin shouts!
A hobgoblin is nearby!
The hobgoblin misses you.
A hobgoblin is nearby!
You closely miss the hobgoblin. You hit the hobgoblin.
The hobgoblin hits you but does no damage.
A hobgoblin is nearby!
A hobgoblin is nearby!
You punch the hobgoblin!
You kill the hobgoblin!
Qazlal accepts your kill.
No target in view!
As you open the door, it creaks loudly!
An endoplasm comes into view.
The endoplasm quivers.
You hear an angry hiss.
A giant cockroach and 2 adders come into view.
The adder hisses angrily.
The endoplasm hits you.
There is an open door, spattered with blood here.
You miss the adder. The endoplasm barely misses you.
The adder bites you. 😕 HP[-2]
You take 2 damage, and now have 24/26 hp.
There are monsters nearby!
You hit the adder. You tail-slap the adder. The endoplasm freezes you.
You are frozen.
The adder barely misses you.
You closely miss the adder. The giant cockroach closely misses you.
The adder misses you. The endoplasm freezes you.
You are frozen. 😮 HP[-10]
You take 10 damage, and now have 14/26 hp.
MASSIVE DAMAGE!! (PAUSE) 😮 HP[+1]
The giant cockroach bites you but does no damage.
You punch the giant cockroach!
You kill the giant cockroach!
Qazlal accepts your kill.
You hit the adder. The adder closely misses you. The adder bites you.
* * * LOW HITPOINT WARNING * * *
You are poisoned.
The adder poisons you! 😨 HP[-2]
You take 2 damage, and now have 13/26 hp.
You closely miss the adder.
You feel sick.
The adder completely misses you. 😨 HP[-1]
You take 1 damage, and now have 12/26 hp.
You hit the adder.
Your tail-slap misses the adder.
The adder misses you.
You miss the adder. Your punch misses the adder.
You feel sick. 😨 HP[-1]
You take 1 damage, and now have 11/26 hp.
You closely miss the adder.
You feel sick. The adder bites you.
* * * LOW HITPOINT WARNING * * *
The adder bites you but does no damage. The adder bites you.
* * * LOW HITPOINT WARNING * * *
You are lethally poisoned!
The adder poisons you! 😱 HP[-6]
You take 6 damage, and now have 5/26 hp.
MASSIVE DAMAGE!! (PAUSE)
Okay, then.
Unknown command.
Your transformation has ended.
You turn into a tree.
Your +0 animal skin melds into your body.
Your roots penetrate the ground.
You feel sick. The adder completely misses you.
The adder bites you but does no damage. x2 😱 HP[+1]
You now have 39 max hp (+13).
Okay, then.
You hit the adder.
You kill the adder!
Qazlal accepts your kill.
You feel sick. The adder bites you but does no damage.
You closely miss the adder.
You feel sick.
The adder bites you but does no damage. 😱 HP[-1]
You take 1 damage, and now have 5/39 hp.
You closely miss the adder.
You feel sick. The endoplasm freezes you.
You are frozen.
* * * LOW HITPOINT WARNING * * *
The adder barely misses you. 😱 HP[-3]
You take 3 damage, and now have 2/39 hp.
You barely miss the adder.
* * * LOW HITPOINT WARNING * * *
You feel sick. The adder bites you but does no damage.
The endoplasm freezes you.
You are frozen.
You die...

Skill      XL: |  1  2  3 |
---------------+----------+-----
Shapeshifting  | 3 |  3.6
Unarmed Combat | 3 |  3.2
Invocations    | 1 |  1.2
Fighting       | |  1.0
Dodging        | |  1.7

Action                     || total
---------------------------++-------
  Melee: Unarmed           ||   111
         Punch             ||     3
         Tailslap          ||     2
    Use: Scroll            ||     5
         Potion            ||     1
   Stab: Sleeping          ||     1
         Distracted        ||     1
 Armour: Animal skin       ||    26
         Skin              ||     5
  Dodge: Dodged            ||    72

Levels and vault maps discovered:
D:1:      lightli_molten_gateway, layout_basic
D:2:      layout_rooms, basic_altar, hellmonk_ecumenical_altar_blasted,
          moated_statue
D:3:      layout_basic

Notes
Turn   | Place    | Note
-------+----------+-------------------------------------------
     0 | D:1      | kae the Demonspawn Shapeshifter began the quest for the
                  | Orb.
     0 | D:1      | Reached XP level 1. HP: 15/15 MP: 1/1
     0 | D:1      | magus.rc [v1.11.3]
    66 | D:1      | You add the spells Blink and Manifold Assault to your
                  | library.
   155 | D:1      | Reached skill level 3 in Shapeshifting
   196 | D:1      | Gained mutation: You are partially covered in molten
                  | scales. (AC +2) [demonic ancestry]
   196 | D:1      | Reached XP level 2. HP: 21/21 MP: 2/2
   356 | D:1      | Reached skill level 3 in Unarmed Combat
   681 | D:2      | Found a stormy altar of Qazlal.
   708 | D:2      | Became a worshipper of Qazlal Stormbringer
   804 | D:2      | Found a faded altar of an unknown god.
   864 | D:2      | Gained mutation: You have a small tail. [demonic ancestry]
   864 | D:2      | Reached XP level 3. HP: 19/26 MP: 3/3
   980 | D:2      | You add the spells Haunt, Borgnjor's Revivification and
                  | Death's Door to your library.
  1155 | D:3      | Identified a scroll of acquirement
  1155 | D:3      | Acquired 1060 gold pieces
  1298 | D:3      | Reached skill level 1 in Invocations
  1395 | D:3      | HP: 6/26 [adder (4)]
  1399 | D:3      | HP: 2/39 [frozen (2)]
  1400 | D:3      | Frozen to death by an endoplasm

Vanquished Creatures
  An adder (D:3)
  A worm (D:2)
  A dart slug (D:1)
  4 ball pythons
  4 bats
  2 endoplasms
  3 giant cockroaches
  6 goblins
  3 hobgoblins
  3 quokkas
  3 frilled lizards
  5 kobolds
  5 rats
41 creatures vanquished.

Table legend:
 A = Non-vault XP
 B = Vault XP
 C = Vault XP percentage of total XP
 D = Non-vault monster count
 E = Vault monster count
 F = Vault count percentage of total count
                 A         B        C        D         E       F
            +---------+---------+-------+---------+---------+-------
      Total |      84 |       0 |   0.0 |      41 |       0 |   0.0
            +---------+---------+-------+---------+---------+-------
        D:1 |      27 |       0 |   0.0 |      15 |       0 |   0.0
        D:2 |      27 |       0 |   0.0 |      15 |       0 |   0.0
        D:3 |      30 |       0 |   0.0 |      11 |       0 |   0.0
            +---------+---------+-------+---------+---------+-------

Skill      XL: |  1  2  3 |
---------------+----------+-----
Shapeshifting  | 3 |  3.6
Unarmed Combat | 3 |  3.2
Invocations    | 1 |  1.2
Fighting       | |  1.0
Dodging        | |  1.7

Action                     || total
---------------------------++-------
  Melee: Unarmed           ||   111
         Punch             ||     3
         Tailslap          ||     2
    Use: Scroll            ||     5
         Potion            ||     1
   Stab: Sleeping          ||     1
         Distracted        ||     1
 Armour: Animal skin       ||    26
         Skin              ||     5
  Dodge: Dodged            ||    72

Illustrated notes

Table legend:
 A = Kills in this place as a percentage of kills in the entire game.
 B = Kills by you in this place as a percentage of kills by you in the entire game.
 C = Kills by friends in this place as a percentage of kills by friends in the entire game.
 D = Other kills in this place as a percentage of other kills in the entire game.
 E = Experience gained in this place as a percentage of experience gained in the entire game.
 F = Experience gained in this place divided by the number of levels of this place that you have seen.
                   A       B       C       D       E      F
               +-------+-------+-------+-------+-------+----------------------
         Total | 100.0 | 100.0 |   N/A |   N/A | 100.0 |  28.0
       Dungeon | 100.0 | 100.0 |   N/A |   N/A | 100.0 |  28.0
               +-------+-------+-------+-------+-------+----------------------

Table legend: (Time is in decaauts)
 A = Elapsed time spent in this place.
 B = Non-inter-level travel time spent in this place.
 C = Inter-level travel time spent in this place.
 D = Time resting spent in this place.
 E = Time spent auto-exploring this place.
 F = Levels seen in this place.
 G = Mean time per level.
                   A        B        C        D        E       F      G
               +--------+--------+--------+--------+--------+-----+--------+
         Total |   1393 |   1376 |     17 |      0 |   1117 |   3 |  464.3 |
       Dungeon |   1393 |   1376 |     17 |      0 |   1117 |   3 |  464.3 |
               +--------+--------+--------+--------+--------+-----+--------+

Top non-repeatable levels by time:
     D:1: 647 daAuts
     D:2: 502 daAuts
     D:3: 243 daAuts
